 Dungeon Crawl Stone Soup version 0.28.0-1-gb440e238dd (webtiles) character file.

Game seed: 11005640622371797519

30 zeram the Ducker (level 3, 0/19 HPs)
             Began as a Spriggan Fighter on Feb 24, 2022.
             Slain by Terence (8 damage)
             ... on level 2 of the Dungeon.
             The game lasted 00:02:21 (1816 turns).

zeram the Ducker (Spriggan Fighter)                 Turns: 1816, Time: 00:02:22

Health: 0/19       AC:  2    Str: 12    XL:     3   Next: 3%
Magic:  4/4        EV: 17    Int: 11    God:
Gold:   33         SH:  6    Dex: 14    Spells: 2/2 levels left

rFire   . . .      SeeInvis +   g - +2 whip (freeze)
rCold   . . .      Faith    .   c - +0 buckler
rNeg    . . .      Spirit   .   b - +0 robe
rPois   .          Reflect  .   (helmet restricted)
rElec   .          Harm     .   (no cloak)
rCorr   .          Rampage  .   (gloves unavailable)
Will    .....                   (boots unavailable)
Stlth   +.........              (no amulet)
HPRegen 0.06/turn               (no ring)
MPRegen 0.09/turn               (no ring)

@: mighty, very quick
A: very small, no large weapons, unfitting armour, see invisible, speed 3
a: no special abilities


You were on level 2 of the Dungeon.
You visited 1 branch of the dungeon, and saw 2 of its levels.

You collected 33 gold pieces.

Inventory:

Hand Weapons
 a - a +0 rapier
 g - a +2 whip of freezing (weapon)
Armour
 b - a +0 robe (worn)
 c - a +0 buckler (worn)
Jewellery
 j - a +4 ring of evasion
Potions
 e - a potion of degeneration {unknown}
 i - 2 potions of haste
 k - 2 potions of curing {unknown}


   Skills:
 + Level 2.8 Fighting
 - Level 2.2 Short Blades
 + Level 4.6 Dodging
 + Level 2.5 Shields


You had 2 spell levels left.
You didn't know any spells.
Your spell library contained the following spells:

 Spells                   Type           Power      Damage    Failure   Level
 Sting                    Tmut/Pois      0%         1d3       58%         1
 Poisonous Vapours        Pois/Air       0%         N/A       73%         2
 Olgreb's Toxic Radiance  Pois           0%         N/A       100%        4


Dungeon Overview and Level Annotations

Branches:
Dungeon (2/15)

Altars:

Annotations:
D:2 Terence


Innate Abilities, Weirdness & Mutations

You are very small and have problems with some larger weapons.
You are too small for most types of armour.
You have supernaturally acute eyesight. (SInv)
You cover ground extremely quickly. (Speed+++)


Message History

Terence hits you with a +2 mace of protection!
* * * LOW HITPOINT WARNING * * *
There is a stone staircase leading up here.
You climb upwards.
There is a stone staircase leading down here.
You start resting.
HP restored.
You climb downwards.
Level annotation: Terence You block Terence's attack.
Terence hits you with a +2 mace of protection.
There is a stone staircase leading up, spattered with blood here.
You hit Terence but do no damage. Terence closely misses you.
You hit Terence but do no damage. Terence barely misses you.
You hit Terence but do no damage. You block Terence's attack.
You closely miss Terence. You block Terence's attack.
Terence completely misses you.
You hit Terence. You freeze Terence.
Terence is lightly wounded.
Terence barely misses you.
You whack Terence! You freeze Terence.
Terence is severely wounded.
Terence hits you with a +2 mace of protection.
You aren't carrying any items that you can evoke.
Found a stone staircase leading up.
There is a stone staircase leading up here.
You climb upwards.
There is a stone staircase leading down here.
You start resting.
HP restored.
There is a stone staircase leading down here.
You feel very mighty all of a sudden.
You climb downwards.
Level annotation: Terence Terence hits you with a +2 mace of protection!
Ouch! That really hurt!
There is a stone staircase leading up here.
You hit Terence but do no damage.
Terence hits you with a +2 mace of protection!
You die...

#.. > #... #.# .
###...##.##. #
#@#...##... .#
#@#<...#..# ..##
#.#....#..#.....
#######.#....#.......#
......#.#....#..#
................#
#####.#.#...<...#.#
#.#.##.......... #
#.......#####.#


You could see Terence.

Vanquished Creatures
  3 dart slugs
  A ball python (D:1)
  2 bats (D:1)
  2 endoplasms
  A giant cockroach (D:1)
  A hobgoblin (D:1)
  A kobold (D:1)
  2 quokkas (D:1)
  4 frilled lizards (D:1)
  3 goblins (D:1)
  4 rats (D:1)
24 creatures vanquished.

Vanquished Creatures (others)
  5 toadstools (D:1)
5 creatures vanquished.

Grand Total: 29 creatures vanquished

Notes
Turn   | Place    | Note
-------+----------+-------------------------------------------
     0 | D:1      | zeram the Spriggan Fighter began the quest for the Orb.
     0 | D:1      | Reached XP level 1. HP: 11/11 MP: 2/2
   530 | D:1      | Reached XP level 2. HP: 16/16 MP: 3/3
  1345 | D:2      | Reached XP level 3. HP: 19/19 MP: 4/4
  1345 | D:2      | Noticed Terence
  1816 | D:2      | Slain by Terence

Illustrated notes

Levels and vault maps discovered:
D:1:      ldierk_walled_garden, layout_basic
D:2:      layout_basic, uniq_robin, uniq_terence

Action                   || total
-------------------------++-------
Melee: Rapier            ||    22
       Whip              ||    56
  Use: Scroll            ||     2
       Potion            ||     1
 Stab: Sleeping          ||     1
Armor: Robe              ||     3
Dodge: Dodged            ||    55
Block: Buckler           ||    14
